 Dungeon Crawl Stone Soup version 0.26.0-41-g79a4fc7684 (webtiles) character file.

Game seed: 13028897184412945375

33 thiole the Sneak (level 3, 21/21 HPs)
             Began as an Octopode Hedge Wizard on Jan 26, 2021.
             Tarried too long and was consumed by Zot
             ... on level 1 of the Dungeon.
             The game lasted 00:01:28 (5999 turns).

thiole the Sneak (Octopode Hedge Wizard)            Turns: 5999, Time: 00:01:28

Health: 21/21      AC:  1    Str:  9    XL:     3   Next: 29%
Magic:  7/7        EV: 13    Int: 17    God:
Gold:   59         SH:  0    Dex: 11    Spells: 7/8 levels left

rFire    . . .     SeeInvis .   a - +0 dagger
rCold    . . .     Faith    .   (no shield)
rNeg     . . .     Spirit   .   b - +0 hat
rPois    .         Reflect  .   (no amulet)
rElec    .         Harm     .   (no ring)
rCorr    .         Rampage  .   (no ring)
Will     .....                  (no ring)
Stlth    +++.......             (no ring)
HPRegen  0.07/turn              (no ring)
MPRegen  0.10/turn              (no ring)
                                (no ring)
                                (no ring)

@: bezotted
A: almost no armour, stealthy swim, amphibious, 8 rings, constrict 8, camouflage
1, gelatinous body 1
a: no special abilities


You were on level 1 of the Dungeon.
You visited 1 branch of the dungeon, and saw 1 of its levels.

You collected 59 gold pieces.

Inventory:

Hand Weapons
 a - a +0 dagger (weapon)
Armour
 b - a +0 hat (worn)
Scrolls
 d - a scroll of fog {unknown}
 f - a scroll of remove curse {unknown}
Potions
 c - a potion of berserk rage {unknown}
 e - a potion of haste {unknown}


   Skills:
 - Level 2.0 Dodging
 + Level 3.3 Stealth
 + Level 3.2 Spellcasting
 + Level 1.6 Conjurations
 + Level 1.7 Summonings
 - Level 1.1 Translocations


You had 7 spell levels left.
You knew the following spells:

 Your Spells              Type           Power        Failure   Level
a - Magic Dart            Conj           32%          9%          1

Your spell library contained the following spells:

 Spells                   Type           Power        Failure   Level
 Call Imp                 Summ           8%           13%         2
 Blink                    Tloc           N/A          16%         2
 Slow                     Hex            2%           26%         2
 Conjure Flame            Conj/Fire      5%           36%         3
 Mephitic Cloud           Conj/Pois/Air  4%           38%         3


Dungeon Overview and Level Annotations

Branches:
Dungeon (1/15)

Altars:


Innate Abilities, Weirdness & Mutations

You cannot wear most types of armour.
You are very stealthy in the water. (Stealth+)
You are amphibious.
You can wear up to eight rings at the same time.
You can use your tentacles to constrict eight enemies at once.
Your skin changes colour to match your surroundings (Stealth+).
Your rubbery body absorbs attacks. (AC +1, EV +1)


Message History

Zot draws nearer.
Dive deeper or flee this branch before you perish!
You start waiting.
Done waiting.
You are a level 3 Octopode Hedge Wizard.
You are 29% of the way to level 4.
Play time: 00:01:20 (5601 turns).
Zot will find you in 399 turns if you stay in this branch and explore no new floors.
You start waiting.
Done waiting.
You start waiting.
Done waiting.
You start waiting.
Done waiting.
Zot has nearly found you.
Death is approaching.
Descend or flee this branch!
There is a stone staircase leading down here.
You are a level 3 Octopode Hedge Wizard.
You are 29% of the way to level 4.
Play time: 00:01:27 (5902 turns).
Zot will find you in 98 turns if you stay in this branch and explore no new floors.
You start waiting.
Zot has found you!
You die...

#.......#......
#.......#......
#.......#......
####.......#......
#..'..............
#.##..[....#......
#.##.......#......
#.##########......
#@.........'......
#.##########......
#.................
###############.#.
#.......# #.#.
#.......# #...
#.......#######...
#.................
#................[


There were no monsters in sight!

Vanquished Creatures
  An ooze (D:1)
  A dart slug (D:1)
  A ball python (D:1)
  4 bats (D:1)
  A giant cockroach (D:1)
  3 goblins (D:1)
  5 hobgoblins (D:1)
  2 frilled lizards (D:1)
  A kobold (D:1)
  6 rats (D:1)
25 creatures vanquished.

Notes
Turn   | Place    | Note
-------+----------+-------------------------------------------
     0 | D:1      | thiole the Octopode Hedge Wizard began the quest for the
                  | Orb.
     0 | D:1      | Reached XP level 1. HP: 11/11 MP: 4/4
   199 | D:1      | Reached XP level 2. HP: 17/17 MP: 1/6
   756 | D:1      | Reached XP level 3. HP: 21/21 MP: 0/7
  5000 | D:1      | Glimpsed the power of Zot.
  5500 | D:1      | Glimpsed the power of Zot.
  5900 | D:1      | Glimpsed the power of Zot.
  5999 | D:1      | Tarried too long and was consumed by Zot

Illustrated notes

Levels and vault maps discovered:
D:1:      minmay_arrival_three_doors, layout_basic, st_stairs_9,
          minmay_misc_feat_hallway, minmay_octomino_e4

Skill      XL: |  1  2 |
---------------+-------+-----
Stealth        | 3 |  3.3
Dodging        | |  2.0
Spellcasting   | |  3.2
Conjurations   | |  1.6
Summonings     | |  1.7
Translocations | |  1.1

Action                   || total
-------------------------++-------
Melee: Dagger            ||    20
       Tentacles         ||     4
       Constrict         ||     4
 Cast: Magic Dart        ||    51
 Stab: Sleeping          ||     1
Armor: Skin              ||     3
Dodge: Dodged            ||    17
